General information
- name: BNet
- type: Ladder team game (AT/RT)
- host: Battle.net
- saver: DIRTNAPSTORIES
map: Cherryville
- players: 8
- length: 31:59
- speed: Fast
- version: 1.28 W3XP
- replay type: Public
» download(304 KB)
Players
team 1 (loser)
mulan2004 (
purple | 53 APM | 1361 actions | 25:52)
4 Priestess of the Moon
2 Searing Arrows
2 Trueshot Aura
» actions
| Assign group hotkey | 306 | |
| Basic commands | 316 | |
| Build / train | 36 | |
| ESC pressed | 4 | |
| Enter build submenu | 15 | |
| Enter hero's abilities submenu | 4 | |
| Right click | 205 | |
| Select / deselect | 121 | |
| Select group hotkey | 313 | |
| Use ability | 41 | |
1361 total
» units
» upgrades
| Strength of the Wild | 1 | |
| Sentinel | 1 | |
2 total
» buildings
| Moon Well | 6 | |
| Altar of Elders | 1 | |
| Hunter's Hall | 1 | |
| Ancient of War | 2 | |
| Ancient Protector | 2 | |
| Tree of Ages | 1 | |
| Ancient of Wonders | 1 | |
| Tree of Life | 1 | |
15 total
» build order
00:05 Moon Well
00:07 Altar of Elders
01:00 Moon Well
01:28 Moon Well
02:03 Hunter's Hall
02:25 Ancient of War
02:33 Ancient of War
03:12 Ancient Protector
03:20 Moon Well
04:21 Ancient Protector
05:32 Moon Well
07:24 Tree of Ages
07:30 Ancient of Wonders
07:42 Tree of Life
09:14 Moon Well
» items
| Scroll of Town Portal | 2 | |
| Dust of Appearance | 1 | |
| Potion of Healing | 2 | |
5 total
Human.skillz (
red | 77 APM | 1699 actions | 22:00)
5 Mountain King
3 Storm Bolt
2 Bash
3 Paladin
2 Holy Light
1 Divine Shield
» actions
| Assign group hotkey | 33 | |
| Basic commands | 5 | |
| Build / train | 82 | |
| Enter build submenu | 24 | |
| Enter hero's abilities submenu | 8 | |
| Give item / drop item | 3 | |
| Right click | 761 | |
| Select / deselect | 376 | |
| Select group hotkey | 299 | |
| Use ability | 108 | |
1699 total
» units
| Peasant | 14 | |
| Footman | 5 | |
| Knight | 3 | |
| Siege Engine | 4 | |
26 total
» upgrades
| Defend | 1 | |
| Swords | 2 | |
| Plating | 2 | |
| Masonry | 1 | |
| Animal War Training | 1 | |
| Barrage | 1 | |
8 total
» buildings
| Altar of Kings | 1 | |
| Farm | 11 | |
| Barracks | 2 | |
| Lumber Mill | 1 | |
| Blacksmith | 1 | |
| Arcane Vault | 1 | |
| Town Hall | 4 | |
| Scout Tower | 13 | |
| Keep | 2 | |
| Guard Tower | 12 | |
| Castle | 2 | |
| Workshop | 2 | |
52 total
» build order
00:12 Altar of Kings
00:16 Farm
00:30 Barracks
01:06 Farm
01:49 Lumber Mill
01:59 Farm
02:02 Blacksmith
02:40 Arcane Vault
03:53 Farm
05:04 Town Hall
05:09 Scout Tower
05:09 Scout Tower
05:10 Scout Tower
05:11 Scout Tower
05:13 Scout Tower
05:13 Scout Tower
05:43 Keep
05:43 Keep
05:50 Guard Tower
06:03 Guard Tower
06:03 Guard Tower
06:12 Guard Tower
06:12 Guard Tower
06:12 Guard Tower
07:10 Guard Tower
07:10 Guard Tower
07:20 Farm
08:00 Barracks
08:04 Castle
08:04 Castle
10:55 Workshop
12:09 Workshop
12:12 Farm
12:14 Farm
12:15 Farm
14:01 Scout Tower
14:02 Scout Tower
14:03 Scout Tower
14:05 Scout Tower
14:06 Scout Tower
14:07 Scout Tower
14:08 Scout Tower
14:11 Farm
14:12 Farm
14:37 Farm
14:43 Town Hall
15:12 Guard Tower
15:12 Guard Tower
16:45 Guard Tower
16:45 Guard Tower
18:13 Town Hall
19:31 Town Hall
» items
| Lesser Clarity Potion | 3 | |
| Scroll of Regeneration | 5 | |
| Scroll of Town Portal | 2 | |
| Dust of Appearance | 1 | |
| Scroll of Healing | 2 | |
| Boots of Speed | 1 | |
| Orb of Fire | 1 | |
| Potion of Healing | 2 | |
| Potion of Mana | 1 | |
| Staff of Sanctuary | 1 | |
19 total
Protagonist (
pink | 52 APM | 1666 actions | 31:59)
8 Archmage
3 Summon Water Elemental
3 Brilliance Aura
2 Mass Teleport
3 Mountain King
2 Storm Bolt
1 Bash
» actions
| Assign group hotkey | 22 | |
| Basic commands | 51 | |
| Build / train | 76 | |
| Enter build submenu | 56 | |
| Enter hero's abilities submenu | 11 | |
| Give item / drop item | 8 | |
| Right click | 773 | |
| Select / deselect | 308 | |
| Select group hotkey | 226 | |
| Use ability | 135 | |
1666 total
» units
| Peasant | 12 | |
| Footman | 5 | |
| Goblin Shredder | 1 | |
| Gryphon Rider | 3 | |
21 total
» upgrades
| Masonry | 3 | |
| Storm Hammers | 1 | |
| Swords | 3 | |
| Armor | 3 | |
| Animal War Training | 1 | |
| Cloud | 1 | |
| Magic Sentry | 1 | |
| Lumber Harvesting | 1 | |
14 total
» buildings
| Altar of Kings | 1 | |
| Barracks | 1 | |
| Farm | 10 | |
| Scout Tower | 41 | |
| Arcane Vault | 2 | |
| Keep | 1 | |
| Arcane Tower | 2 | |
| Town Hall | 3 | |
| Lumber Mill | 1 | |
| Castle | 1 | |
| Guard Tower | 10 | |
| Gryphon Aviary | 4 | |
| Blacksmith | 2 | |
| Arcane Sanctum | 1 | |
80 total
» build order
00:48 Altar of Kings
00:50 Barracks
00:52 Farm
00:54 Farm
01:04 Farm
01:33 Farm
02:07 Scout Tower
03:12 Arcane Vault
03:36 Keep
03:38 Arcane Tower
04:37 Town Hall
05:09 Scout Tower
05:09 Scout Tower
05:10 Scout Tower
05:10 Scout Tower
05:16 Scout Tower
05:59 Lumber Mill
06:15 Castle
06:41 Arcane Tower
08:00 Guard Tower
08:38 Gryphon Aviary
08:40 Gryphon Aviary
08:41 Gryphon Aviary
08:42 Gryphon Aviary
08:45 Blacksmith
08:46 Blacksmith
08:48 Farm
12:11 Scout Tower
12:11 Scout Tower
12:12 Scout Tower
12:13 Scout Tower
12:14 Scout Tower
12:16 Scout Tower
12:17 Scout Tower
12:19 Scout Tower
12:21 Scout Tower
12:22 Scout Tower
12:23 Scout Tower
12:24 Scout Tower
12:26 Scout Tower
12:26 Scout Tower
12:53 Guard Tower
14:10 Guard Tower
14:21 Farm
14:21 Farm
14:22 Farm
14:24 Farm
14:25 Farm
14:37 Guard Tower
16:15 Scout Tower
16:15 Scout Tower
16:15 Scout Tower
16:17 Scout Tower
16:17 Scout Tower
16:17 Scout Tower
16:50 Guard Tower
16:54 Scout Tower
16:54 Scout Tower
16:55 Scout Tower
16:56 Scout Tower
17:04 Scout Tower
17:05 Scout Tower
17:05 Scout Tower
17:06 Scout Tower
17:08 Scout Tower
18:14 Guard Tower
18:17 Guard Tower
19:41 Town Hall
19:45 Scout Tower
19:45 Scout Tower
19:45 Scout Tower
19:47 Scout Tower
19:47 Scout Tower
19:47 Scout Tower
19:50 Arcane Vault
20:00 Arcane Sanctum
20:15 Guard Tower
20:44 Guard Tower
20:44 Guard Tower
26:49 Town Hall
» items
| Mechanical Critter | 2 | |
| Scroll of Regeneration | 1 | |
| Periapt of Vitality | 2 | |
| Potion of Lesser Invulnerability | 2 | |
| Staff of Teleportation | 2 | |
| Scroll of Protection | 1 | |
| Circlet of Nobility | 1 | |
| Dust of Appearance | 1 | |
| Boots of Speed | 1 | |
| Scroll of Healing | 1 | |
14 total

»
Hotmomba (
green | 45 APM | 1140 actions | 25:32)
4 Pit Lord
2 Rain of Fire
1 Howl of Terror
1 Cleaving Attack
» actions
| Assign group hotkey | 15 | |
| Basic commands | 123 | |
| Build / train | 47 | |
| Enter build submenu | 36 | |
| Enter hero's abilities submenu | 4 | |
| Remove unit from queue | 1 | |
| Right click | 322 | |
| Select / deselect | 289 | |
| Select group hotkey | 227 | |
| Use ability | 76 | |
1140 total
» units
| Peon | 9 | |
| Grunt | 5 | |
| Troll Headhunter/Berserker | 3 | |
| Spirit Walker | 3 | |
| Tauren | 3 | |
| Shaman | 1 | |
24 total
» upgrades
| Armor | 1 | |
| Spiked Barricades | 1 | |
| Ranged Weapons | 1 | |
| Berserker Strength | 1 | |
| Melee Weapons | 1 | |
| Spirit Walker Training | 2 | |
| Pulverize | 1 | |
| Shaman Training | 1 | |
9 total
» buildings
| Altar of Storms | 1 | |
| Orc Burrow | 15 | |
| Barracks | 1 | |
| War Mill | 1 | |
| Voodoo Lounge | 2 | |
| Stronghold | 1 | |
| Fortress | 1 | |
| Spirit Lodge | 3 | |
| Tauren Totem | 3 | |
| Watch Tower | 7 | |
35 total
» build order
00:07 Altar of Storms
00:10 Orc Burrow
00:41 Barracks
01:26 War Mill
01:48 Orc Burrow
02:04 Voodoo Lounge
03:36 Stronghold
04:26 Orc Burrow
05:07 Orc Burrow
06:34 Fortress
06:38 Spirit Lodge
07:36 Spirit Lodge
08:56 Tauren Totem
08:59 Tauren Totem
11:13 Watch Tower
11:18 Watch Tower
12:05 Orc Burrow
12:05 Orc Burrow
13:16 Watch Tower
13:20 Watch Tower
13:38 Watch Tower
15:04 Orc Burrow
15:04 Orc Burrow
15:07 Orc Burrow
15:10 Orc Burrow
15:34 Orc Burrow
15:39 Orc Burrow
15:55 Watch Tower
15:55 Watch Tower
16:38 Voodoo Lounge
17:44 Orc Burrow
18:08 Orc Burrow
18:25 Orc Burrow
18:52 Tauren Totem
19:11 Spirit Lodge
» items
| Healing Salve | 2 | |
| Lesser Clarity Potion | 1 | |
| Scroll of Speed | 1 | |
| Scroll of Town Portal | 1 | |
| Orb of Lightning | 1 | |
6 total
team 2 (winner)

»
Panties2TheSide (
teal | 81 APM | 2598 actions | 31:59)
3 Paladin
1 Holy Light
1 Devotion Aura
1 Divine Shield
» actions
| Assign group hotkey | 103 | |
| Basic commands | 230 | |
| Build / train | 81 | |
| Enter build submenu | 18 | |
| Enter hero's abilities submenu | 3 | |
| Right click | 918 | |
| Select / deselect | 616 | |
| Select group hotkey | 559 | |
| Use ability | 69 | |
2598 total
» units
| Peasant | 26 | |
| Footman | 14 | |
| Siege Engine | 10 | |
| Mortar Team | 3 | |
53 total
» upgrades
| Lumber Harvesting | 2 | |
| Barrage | 1 | |
| Masonry | 1 | |
| Gunpowder | 1 | |
5 total
» buildings
| Altar of Kings | 1 | |
| Farm | 12 | |
| Scout Tower | 5 | |
| Arcane Tower | 3 | |
| Barracks | 1 | |
| Keep | 2 | |
| Lumber Mill | 1 | |
| Town Hall | 1 | |
| Arcane Vault | 1 | |
| Guard Tower | 3 | |
| Blacksmith | 1 | |
| Castle | 1 | |
| Workshop | 4 | |
36 total
» build order
00:16 Altar of Kings
00:18 Farm
00:20 Scout Tower
00:58 Arcane Tower
00:59 Arcane Tower
00:59 Arcane Tower
01:25 Barracks
01:49 Farm
01:50 Farm
01:51 Farm
04:25 Keep
04:25 Keep
04:41 Lumber Mill
06:05 Town Hall
06:13 Scout Tower
06:13 Scout Tower
06:13 Scout Tower
06:15 Scout Tower
07:29 Arcane Vault
07:36 Guard Tower
08:20 Blacksmith
08:27 Guard Tower
08:28 Guard Tower
09:20 Castle
09:33 Workshop
09:34 Workshop
09:34 Workshop
10:59 Workshop
12:21 Farm
12:22 Farm
12:22 Farm
12:22 Farm
12:23 Farm
12:23 Farm
12:24 Farm
12:24 Farm
» items
| Scroll of Protection | 1 | |
| Scroll of Town Portal | 2 | |
| Scroll of Healing | 1 | |
| Potion of Lesser Invulnerability | 1 | |
5 total
DIRTNAPSTORIES (
blue | 104 APM | 3326 actions | 31:59)
5 Archmage
3 Summon Water Elemental
2 Brilliance Aura
5 Paladin
2 Holy Light
2 Devotion Aura
1 Divine Shield
» actions
| Assign group hotkey | 89 | |
| Basic commands | 282 | |
| Build / train | 162 | |
| ESC pressed | 2 | |
| Enter build submenu | 45 | |
| Enter hero's abilities submenu | 11 | |
| Give item / drop item | 2 | |
| Remove unit from queue | 1 | |
| Right click | 958 | |
| Select / deselect | 460 | |
| Select group hotkey | 1079 | |
| Use ability | 235 | |
3326 total
» units
| Peasant | 11 | |
| Footman | 5 | |
| Goblin Shredder | 3 | |
| Gryphon Rider | 4 | |
| Dragonhawk Rider | 4 | |
| Mortar Team | 2 | |
| Knight | 2 | |
| Priest | 2 | |
| Sorceress | 3 | |
| Spell Breaker | 2 | |
38 total
» upgrades
| Gunpowder | 5 | |
| Swords | 3 | |
| Masonry | 3 | |
| Animal War Training | 1 | |
| Armor | 3 | |
| Storm Hammers | 1 | |
| Cloud | 1 | |
| Plating | 3 | |
| Sorceress Training | 2 | |
| Priest Training | 2 | |
| Fragmentation Shards | 1 | |
| Barrage | 1 | |
| Long Rifles | 1 | |
| Flare | 1 | |
28 total
» buildings
| Altar of Kings | 1 | |
| Barracks | 1 | |
| Farm | 10 | |
| Lumber Mill | 1 | |
| Arcane Vault | 1 | |
| Keep | 2 | |
| Town Hall | 2 | |
| Scout Tower | 19 | |
| Guard Tower | 16 | |
| Blacksmith | 1 | |
| Castle | 1 | |
| Gryphon Aviary | 2 | |
| Arcane Tower | 2 | |
| Arcane Sanctum | 2 | |
| Workshop | 2 | |
63 total
» build order
00:37 Altar of Kings
00:39 Barracks
00:50 Farm
01:04 Farm
01:41 Farm
01:52 Lumber Mill
02:16 Farm
02:44 Arcane Vault
03:39 Keep
03:40 Keep
04:56 Town Hall
04:58 Scout Tower
04:58 Scout Tower
04:59 Scout Tower
05:00 Scout Tower
05:40 Guard Tower
05:40 Guard Tower
06:26 Blacksmith
06:38 Farm
07:05 Castle
07:21 Scout Tower
08:06 Gryphon Aviary
08:08 Gryphon Aviary
08:12 Farm
09:19 Arcane Tower
09:19 Arcane Tower
09:25 Scout Tower
09:26 Scout Tower
09:28 Scout Tower
09:32 Scout Tower
10:18 Guard Tower
10:18 Guard Tower
10:19 Guard Tower
10:52 Guard Tower
10:53 Guard Tower
12:54 Farm
12:56 Farm
13:49 Farm
13:51 Farm
15:30 Arcane Sanctum
15:31 Arcane Sanctum
15:37 Workshop
15:40 Workshop
16:38 Scout Tower
16:40 Scout Tower
17:15 Guard Tower
17:15 Guard Tower
22:56 Scout Tower
22:57 Scout Tower
23:00 Scout Tower
23:02 Scout Tower
23:24 Guard Tower
23:24 Guard Tower
23:35 Guard Tower
23:35 Guard Tower
24:01 Town Hall
24:32 Scout Tower
24:32 Scout Tower
24:33 Scout Tower
24:33 Scout Tower
25:27 Guard Tower
25:28 Guard Tower
25:28 Guard Tower
» items
| Scroll of Regeneration | 7 | |
| Mechanical Critter | 5 | |
| Potion of Healing | 2 | |
| Lesser Clarity Potion | 1 | |
| Periapt of Vitality | 1 | |
| Potion of Lesser Invulnerability | 2 | |
| Scroll of Protection | 3 | |
| Staff of Sanctuary | 1 | |
| Scroll of Town Portal | 4 | |
| Orb of Fire | 1 | |
27 total
BOOKEM-DANNO (
yellow | 49 APM | 1573 actions | 31:59)
5 Blademaster
3 Wind Walk
2 Critical Strike
» actions
| Assign group hotkey | 21 | |
| Basic commands | 82 | |
| Build / train | 57 | |
| Enter build submenu | 18 | |
| Enter hero's abilities submenu | 5 | |
| Give item / drop item | 1 | |
| Right click | 679 | |
| Select / deselect | 162 | |
| Select group hotkey | 469 | |
| Use ability | 79 | |
1573 total
» units
» upgrades
| Ranged Weapons | 3 | |
| Liquid Fire | 1 | |
| Reinforced Defenses | 1 | |
5 total
» buildings
| Altar of Storms | 1 | |
| Orc Burrow | 7 | |
| Voodoo Lounge | 1 | |
| Stronghold | 2 | |
| War Mill | 1 | |
| Beastiary | 4 | |
| Fortress | 3 | |
| Watch Tower | 12 | |
| Great Hall | 2 | |
33 total
» build order
00:08 Altar of Storms
00:17 Orc Burrow
01:17 Voodoo Lounge
02:06 Stronghold
02:06 Stronghold
02:17 Orc Burrow
02:17 Orc Burrow
02:19 Orc Burrow
02:42 War Mill
04:31 Beastiary
04:32 Beastiary
04:51 Fortress
04:51 Fortress
04:51 Fortress
12:02 Watch Tower
12:02 Watch Tower
12:03 Watch Tower
12:03 Watch Tower
13:30 Watch Tower
13:31 Watch Tower
18:39 Great Hall
18:43 Watch Tower
18:43 Watch Tower
18:43 Watch Tower
18:44 Watch Tower
20:12 Beastiary
20:13 Beastiary
21:12 Watch Tower
21:54 Watch Tower
22:28 Great Hall
22:33 Orc Burrow
23:36 Orc Burrow
23:38 Orc Burrow
» items
| Healing Salve | 2 | |
| Staff of Teleportation | 1 | |
3 total
Chad_Chadwick (
orange | 29 APM | 864 actions | 29:27)
2 Blademaster
1 Wind Walk
1 Critical Strike
3 Shadow Hunter
2 Healing Wave
1 Serpent Ward
» actions
| Assign group hotkey | 12 | |
| Build / train | 26 | |
| Enter build submenu | 20 | |
| Enter hero's abilities submenu | 5 | |
| Give item / drop item | 2 | |
| Remove unit from queue | 1 | |
| Right click | 479 | |
| Select / deselect | 187 | |
| Select group hotkey | 57 | |
| Use ability | 75 | |
864 total
» units
» upgrades
| Armor | 1 | |
| Melee Weapons | 1 | |
| Shaman Training | 1 | |
3 total
» buildings
| Altar of Storms | 1 | |
| Orc Burrow | 7 | |
| Barracks | 1 | |
| War Mill | 1 | |
| Stronghold | 1 | |
| Fortress | 1 | |
| Watch Tower | 7 | |
| Spirit Lodge | 1 | |
| Voodoo Lounge | 1 | |
| Great Hall | 1 | |
22 total
» build order
00:20 Altar of Storms
00:30 Orc Burrow
01:01 Barracks
01:51 War Mill
02:33 Orc Burrow
03:13 Stronghold
04:16 Orc Burrow
05:52 Fortress
06:08 Watch Tower
06:11 Watch Tower
07:31 Orc Burrow
07:41 Spirit Lodge
07:59 Voodoo Lounge
08:24 Orc Burrow
12:12 Great Hall
12:33 Orc Burrow
12:54 Orc Burrow
13:00 Watch Tower
20:24 Watch Tower
20:27 Watch Tower
20:34 Watch Tower
20:34 Watch Tower
» items
| Orb of Lightning | 1 | |
| Scroll of Town Portal | 1 | |
| Orb of Fire | 1 | |
3 total
Chat log
(00:07 / Allies) Chad_Chadwick: rush?
(00:10 / Allies) BOOKEM-DANNO: CC
(00:12 / Allies) Chad_Chadwick: k
(00:34 / All) BOOKEM-DANNO: best final fantasy? mine is X or 12
(00:39 / All) Panties2TheSide: 7
(00:46 / All) Protagonist: N/A
(00:50 / All) BOOKEM-DANNO: really? 7remake will suck probably
(00:56 / All) Panties2TheSide: YEA MOST LIKELY
(00:57 / All) BOOKEM-DANNO: square is bad now classic is good tho
(01:10 / All) BOOKEM-DANNO: i really like 12's politics
(01:36 / All) Panties2TheSide: this is the only game i play tbh i never played ff past 7
(01:39 / Allies) Panties2TheSide: 8*
(01:53 / Allies) Panties2TheSide: TANKS
(01:58 / Allies) Chad_Chadwick: grunt sham taur
(01:58 / Allies) Chad_Chadwick: doc
(01:59 / Allies) BOOKEM-DANNO: wtf. play X and 12 son
(02:02 / Allies) Chad_Chadwick: bm
(02:05 / Allies) Panties2TheSide: NEH
(02:15 / Allies) Panties2TheSide: im waiting on that RE2 remake tho
(02:30 / Allies) BOOKEM-DANNO: i recommend monster hunter world
(02:31 / Allies) BOOKEM-DANNO: its legit
(02:48 / Allies) Chad_Chadwick: brt
(02:52 / Allies) Chad_Chadwick: arms
(02:56 / Allies) Panties2TheSide: im fine
(02:59 / Allies) Chad_Chadwick: kk
(03:18 / Allies) BOOKEM-DANNO: come oj
(03:19 / Allies) Panties2TheSide: ok now i need help
(03:23 / Allies) Chad_Chadwick: coming
(03:40 / Allies) Chad_Chadwick: brt
(03:54 / All) BOOKEM-DANNO: fall back to the river
(04:04 / Allies) Chad_Chadwick: quick
(04:07 / Allies) Chad_Chadwick: items
(04:08 / Allies) Chad_Chadwick: xp
(04:45 / Allies) BOOKEM-DANNO: 100 wood? getting bas
(04:53 / Allies) BOOKEM-DANNO: thx
(05:01 / Allies) BOOKEM-DANNO: heal son
(05:06 / Allies) Chad_Chadwick: looks
(05:39 / Allies) Chad_Chadwick: lust soonish
(06:07 / Allies) DIRTNAPSTORIES: ?
(06:21 / Allies) DIRTNAPSTORIES: omw
(06:24 / Allies) BOOKEM-DANNO: tp
(06:25 / Allies) Chad_Chadwick: claws 12
(07:06 / All) Chad_Chadwick: rookie
(07:19 / Allies) Chad_Chadwick: hit
(07:28 / Allies) BOOKEM-DANNO: im getting bts soon so not yet
(07:33 / Allies) Chad_Chadwick: k
(07:35 / Allies) Chad_Chadwick: need source
(07:46 / Allies) BOOKEM-DANNO: make shop oj
(07:51 / Allies) Chad_Chadwick: they killed it
(07:52 / Allies) Chad_Chadwick: on it
(09:03 / Allies) BOOKEM-DANNO: distrac thtem teal
(09:18 / Allies) Chad_Chadwick: gold
(09:19 / Allies) Chad_Chadwick: if got
(09:22 / Allies) Chad_Chadwick: ill get it back
(09:24 / Allies) Panties2TheSide: wood
(09:34 / Allies) Chad_Chadwick: ty
(09:50 / Allies) Chad_Chadwick: tp need
(10:30 / Allies) Panties2TheSide: omw
(11:25 / All) Human.skillz: Purp is the noobiest mother fucker ive ever seen
(11:30 / All) Panties2TheSide: how noob
(12:42 / Allies) Chad_Chadwick: supply needed real bad
(12:50 / Allies) Chad_Chadwick: any
(12:51 / Allies) Chad_Chadwick: tostart
(13:31 / Allies) Chad_Chadwick: i can have lust
(13:32 / Allies) Chad_Chadwick: wood
(14:10 / All) mulan2004: pink idiot has 4000 money and 35 towers lol
(14:14 / All) Panties2TheSide: lol
(14:45 / All) Protagonist: purple has nothing to do but watch
(15:02 / Allies) DIRTNAPSTORIES: idiot feeder
(15:02 / All) Protagonist: and run around with his crap potm LOL
(15:03 / All) Protagonist: HAHA
(15:10 / All) BOOKEM-DANNO: lawl
(17:23 / Allies) Panties2TheSide: help
(17:30 / Allies) BOOKEM-DANNO: u got it
(17:31 / Allies) Panties2TheSide: ho well there goes my base
(17:41 / Allies) DIRTNAPSTORIES: you couldnt kill 1 base with mass tank anyway noob
(17:54 / Allies) Chad_Chadwick: tanks
(17:55 / Allies) Chad_Chadwick: target
(19:15 / Allies) Chad_Chadwick: wood
(19:16 / Allies) Chad_Chadwick: iull twoer
(19:18 / Allies) Chad_Chadwick: quick
(19:31 / All) Panties2TheSide: lol pink
(19:33 / All) Panties2TheSide: Keep following
(19:43 / Allies) Chad_Chadwick: ty
(21:27 / All) mulan2004: pink idiot has 7000 money and 45 towers now lol
(22:05 / All) Panties2TheSide: GG
(22:14 / All) BOOKEM-DANNO: we wrecked the other team
(22:26 / Allies) Chad_Chadwick: no bm
(22:27 / Allies) Chad_Chadwick: gay
(22:29 / Allies) Chad_Chadwick: 2 orbs
(22:33 / Allies) Chad_Chadwick: plus 12 claw
(22:35 / Allies) Chad_Chadwick: he was weak tho
(22:41 / Allies) Chad_Chadwick: here
(22:41 / Allies) Chad_Chadwick: blue
(22:45 / All) Protagonist: took 50 tries but am finally passed hte boots!
(22:52 / Allies) Panties2TheSide: GOLD ME
(22:58 / Allies) DIRTNAPSTORIES: or what?
(23:13 / Allies) Chad_Chadwick: need lvl 2 heal
(23:14 / Allies) Chad_Chadwick: its close
(23:20 / All) mulan2004: protagonist idiot has 9000 now
(23:32 / Allies) Chad_Chadwick: gj yellow
(23:35 / Allies) Chad_Chadwick: spend
(23:37 / Allies) Chad_Chadwick: or share lol
(24:36 / Allies) Chad_Chadwick: purp
(24:42 / All) BOOKEM-DANNO: die fat boy
(25:09 / All) BOOKEM-DANNO: y didnt u tp
(25:17 / All) Hotmomba: no tp
(25:21 / All) Hotmomba: no money
(25:28 / All) Chad_Chadwick: pink spent all day chasing
(25:30 / All) Chad_Chadwick: lolol
(25:32 / All) Chad_Chadwick: and towering
(25:35 / All) Panties2TheSide: gg
(25:36 / All) BOOKEM-DANNO: we out of gold too
(25:48 / All) mulan2004: pink idiot has 12000
(26:01 / All) Protagonist: lwal
(26:03 / All) Panties2TheSide: blue is also an idiot
(26:04 / All) DIRTNAPSTORIES: man
(26:07 / All) Chad_Chadwick: pink can we get another one
(26:08 / All) DIRTNAPSTORIES: now we have to kill our team
(26:10 / All) Chad_Chadwick: plzx leave
(26:14 / All) DIRTNAPSTORIES: at least it's just my buildings
(26:16 / All) Protagonist: why would I leave
(26:17 / All) Protagonist: I won
(26:19 / All) Chad_Chadwick: blue played great
(26:20 / All) DIRTNAPSTORIES: orange and teal, leave now and get a tie
(26:22 / All) DIRTNAPSTORIES: stay and get a loss
(26:26 / All) Panties2TheSide: stfu idiot
(26:28 / All) Panties2TheSide: I dont care
(26:33 / Allies) Chad_Chadwick: blue dont let teal nub ass bother u
(26:34 / All) Protagonist: I won you lose orange
(26:35 / All) Panties2TheSide: dumb kid
(26:40 / Allies) Chad_Chadwick: im enjhoying watching u
(26:42 / All) Protagonist: I'm the man!
(26:42 / Allies) Chad_Chadwick: tbh
(26:51 / Allies) Chad_Chadwick: idk wtf this noob sayin teal blue did the best lol
(26:54 / All) BOOKEM-DANNO: orange is cool, teal is being rude
(26:54 / Allies) Chad_Chadwick: u higher than me bro
(26:58 / All) Panties2TheSide: blue noob lol
(27:01 / Allies) DIRTNAPSTORIES: ty
(27:02 / Allies) Chad_Chadwick: how
(27:04 / Allies) Chad_Chadwick: did u watch!
(27:08 / Allies) Chad_Chadwick: he 1v2 savin my ass
(27:10 / Allies) Chad_Chadwick: i was hurtin
(27:11 / Allies) DIRTNAPSTORIES: nothing personal man, but I gotta give our team a loss now
(27:12 / Allies) Chad_Chadwick: they kept pokin
(27:13 / Allies) DIRTNAPSTORIES: it's the stabber way
(27:20 / Allies) Chad_Chadwick: idc about rec
(27:21 / Allies) Chad_Chadwick: but
(27:22 / Allies) Chad_Chadwick: ur pride
(27:23 / Allies) Panties2TheSide: oh no we're going to lose
(27:24 / Allies) Chad_Chadwick: fight pink
(27:24 / Allies) Panties2TheSide: omg
(27:25 / Allies) Chad_Chadwick: its 1v1
(27:27 / All) BOOKEM-DANNO: teal is arrogant bastard
(27:29 / Allies) Panties2TheSide: what can i do
(27:31 / Allies) Chad_Chadwick: this too epic to let a troll bother u
(27:32 / Allies) DIRTNAPSTORIES: I'm a battle.net altruist
(27:33 / Allies) Chad_Chadwick: dont be weak
(27:35 / Allies) Chad_Chadwick: fight him
(27:36 / Allies) DIRTNAPSTORIES: the matchmaking system is broken
(27:39 / Allies) Chad_Chadwick: this is
(27:39 / All) BOOKEM-DANNO: die teal
(27:40 / Allies) Chad_Chadwick: but
(27:42 / Allies) Chad_Chadwick: this game rare
(27:44 / Allies) DIRTNAPSTORIES: with my friend pink
(27:45 / Allies) Panties2TheSide: hes going to lose the game for us omg
(27:46 / Allies) Chad_Chadwick: hahahah
(27:51 / Allies) Chad_Chadwick: yeah but pink vs u
(27:54 / Allies) Chad_Chadwick: will be fun to watch
(27:55 / Allies) Panties2TheSide: please what can we do
(27:55 / Allies) Chad_Chadwick: cmon
(27:56 / Allies) DIRTNAPSTORIES: when one team leaves the other with players left loses
(27:57 / Allies) Chad_Chadwick: all this time
(27:58 / Allies) DIRTNAPSTORIES: everyone wins
(27:58 / All) BOOKEM-DANNO: kill teal with my bm oj
(28:01 / Allies) Chad_Chadwick: u can team kill after
(28:03 / Allies) Chad_Chadwick: idc about record
(28:09 / Allies) Chad_Chadwick: but show us u beating pnk
(28:13 / Allies) Chad_Chadwick: its too close to call
(28:16 / Allies) Chad_Chadwick: and time invested
(28:22 / Allies) Chad_Chadwick: make this a epic replay lol
(28:29 / Allies) Chad_Chadwick: u can team kill at end if u really let teal get to u
(28:30 / Allies) Chad_Chadwick: idc
(28:35 / Allies) Chad_Chadwick: but at least fight pnk
(28:37 / Allies) Panties2TheSide: haha he mad of course
(28:38 / Allies) Chad_Chadwick: u earned this battle
(28:40 / Allies) DIRTNAPSTORIES: I gotta clean up and search 4s for a new tk after this game
(28:44 / Allies) DIRTNAPSTORIES: I have a duty to fulfill
(28:46 / Allies) Chad_Chadwick: lol
(28:48 / Allies) DIRTNAPSTORIES: to make as many players as possible lose
(28:53 / Allies) Chad_Chadwick: ahhaah
(28:53 / Allies) DIRTNAPSTORIES: or else no one will find games
(28:54 / Allies) Chad_Chadwick: sure
(28:57 / Allies) Chad_Chadwick: fair enuff
(29:04 / Allies) Chad_Chadwick: but this one was a bit different i know u can admit
(29:12 / Allies) Chad_Chadwick: wack game so at least duel man u 1v2
(29:14 / All) BOOKEM-DANNO: what is eveyrone's favorite anime?
(29:25 / All) Protagonist: avatar the last airbender
(29:26 / Allies) DIRTNAPSTORIES: not sure man, I have thousands of tks under my belt over the years, game didn't feel that different to me
(29:47 / Allies) Panties2TheSide: gg im out
(29:57 / Allies) DIRTNAPSTORIES: stab you later
(30:03 / Allies) Panties2TheSide: maybe
(30:11 / Allies) Panties2TheSide: i wont remember you tbh
(30:19 / Allies) Panties2TheSide: but i know i hurt your feelings tho
(30:25 / Allies) DIRTNAPSTORIES: what makes you think that
(30:32 / Allies) Panties2TheSide: bye kid
(30:32 / Allies) DIRTNAPSTORIES: to be honest not been reading anything you type all game really
(30:41 / All) BOOKEM-DANNO: lawl
(30:42 / Allies) DIRTNAPSTORIES: not sure why I'd be mad
(30:43 / All) BOOKEM-DANNO: me neither
(30:49 / All) BOOKEM-DANNO: love tap time
(30:56 / All) BOOKEM-DANNO: die landazar
(31:19 / Allies) DIRTNAPSTORIES: Leave teal
(31:33 / Allies) Panties2TheSide: make me idiot
(31:36 / Allies) DIRTNAPSTORIES: alright
(31:37 / Allies) Panties2TheSide: HAHAHA
(31:38 / Allies) Panties2TheSide: U CANT
(31:40 / Allies) Panties2TheSide: HAHAHAHAHAHHA
(31:40 / Allies) DIRTNAPSTORIES: yeah I can
(31:41 / Allies) DIRTNAPSTORIES: watch this
(31:42 / Allies) Panties2TheSide: HAHAHAHAHAHAHAHHAHAH
(31:44 / Allies) Panties2TheSide: LMFAO
(31:47 / All) BOOKEM-DANNO: theres only one building left lawl
(31:51 / Allies) Panties2TheSide: U CANT MAKE ME LEAVE LOL
(31:53 / Allies) DIRTNAPSTORIES: watch
(31:53 / Allies) Panties2TheSide: TOO BAD BLUE
(31:54 / Allies) DIRTNAPSTORIES: yes
(31:54 / All) BOOKEM-DANNO: and he says he'll waste our time
(31:54 / Allies) DIRTNAPSTORIES: I can
(31:55 / Allies) DIRTNAPSTORIES: out
(31:57 / Allies) DIRTNAPSTORIES: fool